 Dungeon Crawl Stone Soup version 0.18.1-50-g88ac8fd (webtiles) character file.

112 Daonar the Skirmisher (level 4, -7/40 HPs)
             Began as a Draconian Chaos Knight on Oct 3, 2016.
             Killed by nerve-wracking pain
             ... invoked by Grinder
              (11 damage)
             ... on level 3 of the Dungeon.
             The game lasted 00:07:56 (1459 turns).

Daonar the Skirmisher (Draconian Chaos Knight)      Turns: 1459, Time: 00:07:57

Health: -7/40      AC:  6    Str: 15    XL:     4   Next: 64%
Magic:  4/4        EV: 13    Int: 12    God:    Xom [*.....]
Gold:   100        SH:  0    Dex: 11    Spells: 0 memorised, 3 levels left

rFire  . . .     SeeInvis .     a - +0 falchion (chaos)
rCold  . . .     Gourm    .     (armour unavailable)
rNeg   . . .     Faith    .     (no shield)
rPois  .         Spirit   .     (helmet restricted)
rElec  .         Dismiss  .     c - +0 cloak
rCorr  .         Reflect  .     (no gloves)
SustAt .         Harm     .     (no boots)
MR     .....                    (no amulet)
Stlth  +.........               (no ring)
                                (no ring)

@: not resistant to hostile enchantments, very unstealthy
A: unfitting armour, cold-blooded, AC +5
a: Renounce Religion


You were on level 3 of the Dungeon.
You worshipped Xom.
You were a special plaything of Xom.
You were not hungry.

You visited 1 branch of the dungeon, and saw 3 of its levels.

You collected 100 gold pieces.

Inventory:

Hand Weapons
 a - a +0 falchion of chaos (weapon)
Armour
 c - a +0 cloak (worn)
Scrolls
 d - a scroll of remove curse {unknown}
 e - 2 scrolls of magic mapping {unknown}
 i - a scroll of teleportation {unknown}
Potions
 g - a potion of flight {unknown}
Comestibles
 b - a bread ration
 f - 2 meat rations
 h - 4 chunks of flesh
 j - a beef jerky


   Skills:
 + Level 4.1 Fighting
 + Level 3.8 Long Blades
 + Level 3.3 Dodging
 - Level 0.6 Stealth


You had 3 spell levels left.
You didn't know any spells.

Dungeon Overview and Level Annotations

Branches:
Dungeon (3/15)

Altars:
Cheibriados

Annotations:
D:3 Grinder


Innate Abilities, Weirdness & Mutations

Your plain brown scales are hard (AC +5).
Your body does not fit into most forms of armour.
You are cold-blooded and may be slowed by cold attacks.


Message History

* * * LOW HITPOINT WARNING * * *
You writhe in agony. x2
You hit Grinder. Grinder hits you.
* * * LOW HITPOINT WARNING * * *
You writhe in agony.
* * * LOW HITPOINT WARNING * * *
You hit Grinder.
Grinder is lightly wounded.
Grinder stops moving altogether!
You hit Grinder but do no damage. You tail-slap Grinder.
Grinder is lightly wounded.
You hit Grinder.
You tail-slap Grinder, but do no damage.
Grinder is lightly wounded.
There is a stone staircase leading down here.
Grinder is no longer petrified.
Grinder gestures at you. Pain shoots through your body!
You die...
Xom thinks this is hilarious!

#.#...#.### ...
#.#.......# #.# #
###.#...#.#.#.##.#.###
....#.#..............
##........#.#.##.#.#
##.##...###.#......#
......†####.#......#
....#.......####.###
##..##.###### #@#
....##(#### #.#
.##.......# #.#
.##..(....# #5#
..........# #.#
.##(......# ####.###
.##.......# #......#
(##......(# #......#
.##.....†.###..###.#


You could see Grinder.

Vanquished Creatures
  A howler monkey (D:3)
  An adder (D:2)
  A gnoll (D:1)
  An ooze (D:2)
  4 dart slugs
  4 giant geckos
  4 bats
  3 giant cockroaches
  2 hobgoblins
  2 jackals (D:2)
  4 kobolds
  2 quokkas
  3 goblins (D:1)
  9 rats
41 creatures vanquished.

Notes
Turn   | Place    | Note
--------------------------------------------------------------
     0 | D:1      | Daonar the Draconian Chaos Knight began the quest for the Orb.
     0 | D:1      | Reached XP level 1. HP: 19/19 MP: 1/1
    55 | D:1      | Reached XP level 2. HP: 14/27 MP: 2/2
   123 | D:1      | XOM: divination: magic mapping
   419 | D:1      | Reached XP level 3. HP: 33/33 MP: 3/3
   424 | D:1      | XOM: god gift: ring mail {god gift}
   521 | D:1      | XOM: harmless Summ miscast
   599 | D:1      | XOM: mild Ice miscast
   729 | D:2      | XOM: noise
   746 | D:2      | Reached skill level 4 in Fighting
   954 | D:2      | Found a snail-covered altar of Cheibriados.
  1076 | D:2      | XOM: stat loss: -1 Dex (9/10)
  1245 | D:3      | Reached XP level 4. HP: 40/40 MP: 4/4
  1303 | D:3      | Noticed Grinder
  1303 | D:3      | Paralysed by Grinder for 4 turns
  1377 | D:3      | Paralysed by Grinder for 2 turns
  1379 | D:3      | XOM: chaos cloud
  1390 | D:3      | Paralysed by something for 4 turns
  1447 | D:3      | XOM: enchant monster (good)
  1459 | D:3      | Killed from afar by Grinder

Skill      XL: |  1  2  3  4 |
---------------+-------------+-----
Fighting       | 4 |  4.1
Dodging        | 3 |  3.3
Long Blades    | |  3.8
Stealth        | |  0.6

Action                   |  1- 3 |  4- 6 || total
-------------------------+-------+-------++-------
Melee: Falchion          |   108 |    35 ||   143
       Tailslap          |    16 |     6 ||    22
 Stab: Sleeping          |     1 |       ||     1
       Paralysed         |     4 |     1 ||     5
       Petrifying        |     1 |       ||     1
  Eat: Chunk             |     1 |     1 ||     2
Armor: Skin              |    34 |    52 ||    86
Dodge: Dodged            |    77 |    57 ||   134
